 Dungeon Crawl Stone Soup version 0.31.0-12-g77e489cdc1 (webtiles) character file.

Game seed: 13325994860313623864

51 GeoRichter the Changeling (level 3, 0/30 HPs)
             Began as a Draconian Shapeshifter on Feb 20, 2024.
             Was an Initiate of Yredelemnul.
             Slain by a gnoll
             ... wielding a +0 spear
              (4 damage)
             ... on level 2 of the Dungeon.
             The game lasted 00:02:30 (1005 turns).

GeoRichter the Changeling (Draconian Shapeshifter)  Turns: 1005, Time: 00:02:30

Health: 0/30       AC:  5    Str: 16    XL:     3   Next: 57%
Magic:  3/3        EV: 12    Int: 10    God:    Yredelemnul [......]
Gold:   86         SH:  0    Dex: 12    Spells: 2/2 levels left

rFire   . .          .
                       - Unarmed
rCold   . . .        (no shield)
rNeg    . . .        (body armour unavailable)
rPois   .            (helmet currently unavailable)
rElec   .            (cloak currently unavailable)
rCorr   .            (gloves currently unavailable)
SInv    .            (boots currently unavailable)
Will    .....        (no amulet)
Stlth   +            (no ring)
HPRegen 0.25/turn    (no ring)
MPRegen 0.08/turn

%: no passive effects
@: beast-form
A: beast (slay +2), AC +5, unfitting armour, cold-blooded
a: Begin Untransformation, Renounce Religion, Recall Undead Harvest


You were on level 2 of the Dungeon.
You worshipped Yredelemnul.
Yredelemnul was noncommittal.
You were a hulking beast.
You visited 1 branch of the dungeon, and saw 2 of its levels.

You collected 86 gold pieces.

Inventory:

Jewellery
 d - a ring of wizardry
   (You found it on level 1 of the Dungeon)
 i - a +6 ring of dexterity
   (You found it on level 2 of the Dungeon)
Talismans
 b - a beast talisman
 c - a flux talisman
Scrolls
 e - a scroll of summoning {unknown}
 f - a scroll of identify {unknown}
 j - a scroll of revelation {unknown}
 k - 2 scrolls of teleportation {unknown}
 l - a scroll of vulnerability {unknown}
Potions
 a - a potion of lignification {!q}
 g - a potion of heal wounds {@q2}
 h - a potion of attraction {unknown}
 m - a potion of enlightenment {unknown}


   Skills:
 + Level 2.3 Fighting
 - Level 1.7 Dodging
 - Level 3.0 Unarmed Combat
 * Level 4.0 Shapeshifting


You had 2 spell levels left.
You didn't know any spells.
Your spell library contained the following spells:

 Spells                   Type           Power      Damage    Failure   Level
 Foxfire                  Conj/Fire      0%         2x1d4     36%         1
 Magic Dart               Conj           0%         1d3       36%         1
 Blink                    Tloc           0%         N/A       50%         2
 Call Imp                 Summ           0%         N/A       50%         2
 Plasma Beam              Fire/Air       0%         2x1d10    100%        6
 Starburst                Conj/Fire      0%         6d3       100%        6


Dungeon Overview and Level Annotations

Branches:
Dungeon (2/15) Zot: 10998

Altars:
Vehumet
Yredelemnul


Innate Abilities, Weirdness & Mutations

You are a hulking beast.
Your limbs bulge with bestial killing power. (Slay +2)
Your plain brown scales are hard. (AC +5)
You cannot fit into any form of body armour.
You are cold-blooded and may be slowed by cold attacks.


Message History

Your giant cockroach zombie is destroyed!
Your endoplasm zombie hits the gnoll.
It was a potion of heal wounds.
You feel much better.
Your giant cockroach zombie barely misses the gnoll.
The gnoll hits you with a +0 spear. x2
You hit the gnoll.
The gnoll is lightly wounded.
Your giant cockroach zombie closely misses the gnoll.
Your endoplasm zombie barely misses the gnoll.
The gnoll hits you but does no damage. The gnoll hits you with a +0 spear.
The gnoll hits your giant cockroach zombie with a +0 club.
You hit the gnoll.
The gnoll is heavily wounded.
Your giant cockroach zombie bites the gnoll but does no damage.
The gnoll barely misses you. x2
Your endoplasm zombie hits the gnoll but does no damage.
You barely miss the gnoll.
The gnoll is heavily wounded.
Your giant cockroach zombie bites the gnoll but does no damage.
The gnoll closely misses you. The gnoll hits you with a +0 club!
* * * LOW HITPOINT WARNING * * *
The gnoll closely misses you.
Your endoplasm zombie closely misses the gnoll.
You swap places.
Your giant cockroach zombie bites the gnoll.
The gnoll hits your giant cockroach zombie with a +0 club.
Your giant cockroach zombie is destroyed!
The gnoll hits you from afar with a +0 spear.
* * * LOW HITPOINT WARNING * * *
The gnoll hits you but does no damage.
You hit the gnoll.
The gnoll is almost dead.
Your endoplasm zombie barely misses the gnoll.
The gnoll misses you. The gnoll hits you but does no damage.
You hit the gnoll.
You kill the gnoll!
The dead are walking!
Your endoplasm zombie barely misses the gnoll.
The gnoll hits you from afar with a +0 spear.
* * * LOW HITPOINT WARNING * * *
The gnoll hits you with a +0 club.
* * * LOW HITPOINT WARNING * * *
Your Shapeshifting skill increases to level 4!
You swap places.
The gnoll hits your gnoll zombie with a +0 club.
Your endoplasm zombie barely misses the gnoll.
Your gnoll zombie hits the gnoll.
The gnoll attacks as it pursues you!
The gnoll hits you from afar with a +0 spear.
You die...
Your body rises from the dead as a mindless zombie.

#.#..#.#.# #...#####
#.#.##.#.### #..[.....
#.#. #.#...## #...#####
#.. #......###...#
.####<.###.......##...#
........##.......######
.......gZ#.......#
.......)Z.#>....##
........g.h......#
.................#
..........<......#
.....[....#.....##
.........###...##
..!.....## #####
#########


You could see 2 gnolls, a friendly endoplasm zombie and a friendly gnoll zombie.

Vanquished Creatures
  2 gnolls (D:2)
  2 ball pythons (D:1)
  5 bats
  3 endoplasms
  2 giant cockroaches (D:2)
  A goblin (D:1)
  A hobgoblin (D:1)
  2 jackals (D:1)
  4 kobolds
  7 frilled lizards (D:1)
  3 rats (D:1)
32 creatures vanquished.

Vanquished Creatures (others)
  A bat zombie (D:2)
  2 giant cockroach zombies (D:2)
3 creatures vanquished.

Grand Total: 35 creatures vanquished

Notes
Turn   | Place    | Note
-------+----------+-------------------------------------------
     0 | D:1      | GeoRichter the Draconian Shapeshifter began the quest for
                  | the Orb.
     0 | D:1      | Reached XP level 1. HP: 16/16 MP: 1/1
   138 | D:1      | Reached XP level 2. HP: 23/23 MP: 2/2
   436 | D:1      | Found a faded altar of an unknown god.
   454 | D:1      | Prayed at the altar of an unknown god.
   454 | D:1      | Became a worshipper of Yredelemnul the Dark
   454 | D:1      | Reached * piety under Yredelemnul
   917 | D:2      | Found a radiant altar of Vehumet.
   946 | D:2      | Reached XP level 3. HP: 29/29 MP: 3/3
  1004 | D:2      | Reached skill level 4 in Shapeshifting
  1005 | D:2      | Slain by a gnoll

Illustrated notes

Levels and vault maps discovered:
D:1:      dpeg_arrival_lava_temple_mockup, layout_loops_ring,
          hellmonk_ecumenical_altar_lost_god, minmay_misc_feat_pillars,
          st_stairs_12, minmay_lizard_pond
D:2:      layout_rooms, basic_altar

Skill      XL: |  1  2  3 |
---------------+----------+-----
Fighting       | 2 |  2.3
Shapeshifting  | 4 |  4.0
Dodging        | |  1.7
Unarmed Combat | |  3.0

Action                     || total
---------------------------++-------
  Melee: Unarmed           ||    77
         Tailslap          ||     6
         Punch             ||     1
    Use: Potion            ||     1
 Armour: Skin              ||    47
  Dodge: Dodged            ||    51
